 Dungeon Crawl Stone Soup version 0.19.1 (webtiles) character file.

198689 Mefis the Eclecticist (level 17, -3/102 HPs)
             Began as a Deep Elf Wizard on Dec 22, 2016.
             Was a High Priest of Sif Muna.
             Hit by a death yak thrown by Polyphemus (9 damage)
             ... on level 2 of the Shoals on Dec 23, 2016.
             The game lasted 04:00:50 (49350 turns).

Mefis the Eclecticist (Deep Elf Wizard)            Turns: 49350, Time: 04:00:52

Health: -3/102     AC: 11    Str:  7    XL:     17   Next: 82%
Magic:  27/40      EV:  2    Int: 35    God:    Sif Muna [*****.]
Gold:   1092       SH:  0    Dex: 15    Spells: 14 memorised, 1 level left

rFire  + . .     SeeInvis .     a - +6 trident (protect)
rCold  + . .     Gourm    .     E - +2 robe {rC+ rF+}
rNeg   + + +     Faith    .     G - +0 buckler
rPois  ∞         Spirit   .     u - +1 hat of Melancholy {Regen+ rCorr Slay+3}
rElec  .         Reflect  .     X - +0 cloak
rCorr  +         Harm     .     F - +1 pair of gloves
MR     +....                    q - +2 pair of boots {run}
Stlth  ++++......               W - amulet of magic regeneration
                                A - ring "Vuguk" {Fire Str+3 Int+4 Dex+2}
                                f - ring of ice

@: petrified, repel missiles, divine energy, quick
A: no striking features
a: Stop Divine Energy, Channel Magic, Forget Spell, Renounce Religion
}: 1/15 runes: serpentine


You were on level 2 of the Shoals.
You worshipped Sif Muna.
Sif Muna was extremely pleased with you.
You were not hungry.

You visited 6 branches of the dungeon, and saw 27 of its levels.
You also visited: Labyrinth and Ossuary.

You collected 2826 gold pieces.
You spent 1734 gold pieces at shops.

Inventory:

Hand Weapons
 a - a +6 trident of protection (weapon)
 p - a +0 blowgun
Missiles
 g - 5 curare-tipped needles
 x - 6 throwing nets (quivered)
Armour
 q - a +2 pair of boots of running (worn)
 s - a +2 robe of positive energy
 u - the +1 hat of Melancholy (worn) {Regen+ rCorr Slay+3}
   (You acquired it on level 2 of the Snake Pit)

   It affects your accuracy and damage with ranged weapons and melee attacks
   (+3).
   It increases your rate of regeneration.
   It protects you from acid and corrosion.
 w - a +2 robe of magic resistance
 E - a +2 robe of resistance (worn)
 F - a +1 pair of gloves (worn)
 G - a +0 buckler (worn)
 X - a +0 cloak (worn)
Jewellery
 f - a ring of ice (left hand)
 k - the ring "Hok Hik" {*Corrode rPois MR+ EV+4 SInv}
   (You acquired it on level 1 of the Lair of Beasts)

   [ring of evasion]

   It affects your evasion (+4).
   It protects you from poison.
   It affects your resistance to hostile enchantments.
   It lets you see invisible.
   It may corrode you when you take damage.
 A - the ring "Vuguk" (right hand) {Fire Str+3 Int+4 Dex+2}
   (You found it on level 1 of the Shoals)

   [ring of fire]

   It enhances your fire magic.
   It affects your strength (+3).
   It affects your intelligence (+4).
   It affects your dexterity (+2).
   It protects you from fire.
   It makes you vulnerable to cold.
 I - an uncursed ring of fire
 O - an uncursed ring of flight
 W - an amulet of magic regeneration (around neck)
Wands
 L - a wand of random effects (19/48)
 R - a wand of polymorph (15/24)
Scrolls
 c - a scroll of holy word
 i - 4 scrolls of teleportation
 j - 3 scrolls of fog
 l - 10 scrolls of remove curse
 o - 6 scrolls of blinking
 z - a scroll of identify
 B - 2 scrolls of noise
 K - 2 scrolls of fear
Potions
 b - 2 potions of haste
 e - a potion of heal wounds
 h - 5 potions of magic
 m - a potion of resistance
 n - 9 potions of curing
 r - 7 potions of flight
 t - 3 potions of agility
 v - a potion of invisibility
 N - 3 potions of brilliance
Books
 C - a book of Party Tricks

   Spells                             Type                      Level
   a - Summon Butterflies             Summoning                    1
   b - Apportation                    Translocation                1
   c - Lesser Beckoning               Translocation                3
   d - Tukima's Dance                 Hexes                        3
   e - Alistair's Intoxication        Transmutation/Poison         5
   f - Invisibility                   Hexes                        6
Miscellaneous
 y - a phial of floods
 J - a fan of gales
 M - a lamp of fire
Comestibles
 d - 10 bread rations
 D - 8 beef jerkies
 H - 5 fruits
 P - 2 chunks of flesh
 Q - 4 royal jellies
 S - 8 slices of pizza


   Skills:
 + Level 10.1 Fighting
 + Level 13.5 Dodging
 - Level 7.0 Stealth
 * Level 6.8 Shields
 + Level 17.9 Spellcasting
 + Level 9.9 Conjurations
 - Level 10.0 Hexes
 - Level 1.1 Summonings
 + Level 5.6 Necromancy
 - Level 1.1 Translocations
 - Level 10.3 Fire Magic
 + Level 12.7 Ice Magic
 - Level 4.2 Air Magic
   Level 4.5 Poison Magic
 - Level 7.5 Invocations
 + Level 10.4 Evocations


You had one spell level left.
You knew the following spells:

 Your Spells              Type           Power        Failure   Level  Hunger
a - Throw Flame           Conj/Fire      ######       1%          2    None
b - Summon Butterflies    Summ           #####...     1%          1    None
c - Blink                 Tloc           N/A          1%          2    None
g - Slow                  Hex            #######.     1%          2    None
h - Cause Fear            Hex            #######...   1%          4    None
i - Repel Missiles        Chrm/Air       #####.       1%          2    None
m - Simulacrum            Ice/Necr       #######...   4%          6    None
o - Ozocubu's Armour      Chrm/Ice       #######.     1%          3    None
p - Regeneration          Chrm/Necr      ######....   1%          3    None
q - Freezing Cloud        Conj/Ice/Air   #######...   4%          6    None
s - Bolt of Cold          Conj/Ice       ########..   1%          6    None
v - Invisibility          Hex            #######.     2%          6    None
w - Metabolic Englaciati  Hex/Ice        ########..   1%          5    None
x - Swiftness             Chrm/Air       #####...     1%          2    None


Dungeon Overview and Level Annotations

Branches:
Dungeon (12/15)            Temple (1/1) D:7            Lair (6/6) D:8
 Shoals (2/4) Lair:3        Snake (4/4) Lair:3        Slime (0/5) Lair:6
    Orc (2/2) D:11            Elf (0/3) Orc:2

Altars:
Ashenzari
Cheibriados
Dithmenos
Elyvilon
Fedhas
Gozag
Hepliaklqana
Kikubaaqudgha
Makhleb
Nemelex Xobeh
Okawaru
Qazlal
Ru
Sif Muna
Trog
Uskayaw
Vehumet
Xom
Yredelemnul
Zin
The Shining One
Beogh

Shops:
D:10 ?   Orc:2 }!(!   Snake:2 =!

Annotations:
D:5 Grinder
D:12 Frances
Shoals:2 Apogee's ghost, adept MiFi; Polyphemus


Message History

* * * LOW HITPOINT WARNING * * *
The catoblepas gores you!
* * * LOW HITPOINT WARNING * * *
The merfolk hits you from afar with a spear.
* * * LOW HITPOINT WARNING * * *
The wind drake bites you.
The snapping turtle is engulfed in freezing vapours.
The snapping turtle seems to slow down.
The snapping turtle bites you from afar!
* * * LOW HITPOINT WARNING * * *
The manticore bites you.
The manticore claws you but does no damage. x2
The merfolk hits you but does no damage.
The wind drake exhales a fierce blast of wind!
You are blown backwards!
The manticore is blown away by the wind.
The death yak collides with the snapping turtle!
The merfolk avatar chants a haunting song.
You resist with almost no effort. Polyphemus throws the death yak at you!
You die...

....≈≈≈.....≈≈..
...≈≈≈......§...
≈≈≈≈≈≈.(.§§§...≈
≈..m≈....#§.§..≈
..≈≈.....H.§§§..
...≈≈.≈S.t§§§≈..
.[..≈mYYYC§§§...
....≈mk<@#
..###([>##
#..... ..m......
m.....≈...#
.≈...≈....#
≈≈..≈≈....#
≈...≈≈≈≈$.#


You could see Polyphemus, a merfolk avatar, 2 death yaks, a catoblepas, a sea
snake, a snapping turtle, a wind drake, 3 merfolk and a manticore.

Vanquished Creatures
  Saint Roka (Orc:2)
  Jorgrun (Snake:4)
  15 nagarajas
  Roxanne (Snake:2)
  Aizul (Snake:4)
  Josephine (Lair:5)
  A minotaur (Lab)
  A merfolk impaler (Shoals:2)
  Harold (Lair:2)
  20 naga warriors
  Fannar (Orc:1)
  3 catoblepae (Lair:6)
  5 hydras
  6 anacondas
  A centaur warrior (D:12)
  The ghost of dscm the Epochal, a journeyman OpFi of Cheibriados (D:10)
  A merfolk aquamancer (Shoals:1)
  24 death yaks
  6 orc high priests (Orc:2)
  The ghost of ohad the Slicer, a novice HaBe of Trog (D:9)
  7 shock serpents
  Sonja (Lair:1)
  14 naga sharpshooters
  2 salamander mystics
  2 hill giants
  2 sea snakes (Shoals:1)
  7 naga ritualists (Snake:4)
  5 orc knights (Orc:2)
  Pikel (D:7)
  4 harpies (Shoals:1)
  7 mana vipers
  2 fauns (Shoals:1)
  6 orc sorcerers (Orc:2)
  16 salamanders
  A cyclops (D:12)
  3 ugly things
  6 manticores
  Maurice (D:10)
  6 guardian serpents
  A water nymph (Shoals:1)
  4 elephants (Lair:6)
  28 naga magi
  32 black mambas
  13 spiny frogs
  3 rime drakes
  9 komodo dragons
  2 ice devils (Lair:3)
  9 trolls
  A wind drake (Shoals:1)
  A polar bear (Lair:4)
  Prince Ribbit (D:7)
  3 merfolk (Shoals:1)
  2 snapping turtles
  4 two-headed ogres (Orc:2)
  3 dream sheep (Lair:6)
  11 blink frogs
  9 hippogriffs
  4 slime creatures (D:12)
  A wyvern (Lair:2)
  4 hogs (D:7)
  4 wraiths (Lair:4)
  4 water elementals (Shoals:1)
  58 yaks
  Grum (Lair:1)
  A human (D:7)
  5 basilisks
  3 vampire mosquitoes (D:12)
  4 hungry ghosts (Lab)
  2 wargs
  68 nagas
  15 water moccasins
  41 orc warriors
  9 porcupines
  13 ogres
  4 phantoms
  3 sky beasts
  4 ice beasts
  10 wolves
  4 centaurs
  14 crocodiles
  A big kobold (D:9)
  18 bullfrogs
  Blork the orc (D:5)
  2 water moccasin zombies
  2 wyvern skeletons
  5 scorpions
  10 killer bees
  19 wights
  4 howler monkeys (D:10)
  An electric eel (Lair:1)
  8 crimson imps
  A quasit (D:7)
  3 lava snakes (Snake:2)
  A centaur zombie (D:6)
  A bullfrog zombie (D:9)
  2 bullfrog skeletons (D:7)
  29 orc priests
  3 centaur skeletons
  6 jellies
  4 hounds
  21 orc wizards
  A gnoll shaman (D:5)
  4 iguanas
  9 worker ants
  A killer bee zombie (D:6)
  3 big kobold zombies (Ossuary)
  A hound skeleton (D:5)
  2 mummies (Ossuary)
  A worker ant zombie (D:8)
  15 gnolls
  14 adders
  5 river rats
  3 shadow imps
  4 oozes
  4 adder zombies (Ossuary)
  A worm (D:3)
  3 dart slugs
  12 leopard geckos
  80 orcs
  8 bats
  8 giant cockroaches
  13 goblins
  9 hobgoblins
  6 jackals
  3 quokkas
  5 ball pythons
  3 frilled lizards
  2 gnoll zombies (Ossuary)
  7 hobgoblin zombies (Ossuary)
  13 kobolds
  7 kobold zombies (Ossuary)
  2 leopard gecko skeletons
  4 orc zombies (Ossuary)
  10 rats
  A bush (Lair:2)
  2 fungi
  2 plants (Shoals:1)
1007 creatures vanquished.

Vanquished Creatures (collateral kills)
  A nagaraja (Snake:2)
  A naga warrior (Snake:4)
  An anaconda (Snake:2)
  A mana viper (Snake:2)
  A salamander (Snake:2)
  4 black mambas (Snake:2)
  4 naga magi
  A merfolk (Shoals:1)
  6 nagas
  A killer bee (D:9)
  An orc (D:3)
  A kobold (D:9)
  4 plants (Shoals:1)
27 creatures vanquished.

Vanquished Creatures (others)
  A hydra (Lair:6)
  2 dream sheep (Lair:6)
  A slave (D:7)
  A wyvern skeleton (D:7)
  An orc priest (Orc:2)
  4 bushes (D:8)
  4 fulminant prisms
  7 fungi
  15 plants
36 creatures vanquished.

Grand Total: 1070 creatures vanquished

Notes
Turn   | Place    | Note
-------+----------+-------------------------------------------
     0 | D:1      | Mefis the Deep Elf Wizard began the quest for the Orb.
     0 | D:1      | Reached XP level 1. HP: 10/10 MP: 7/7
   216 | D:1      | Reached XP level 2. HP: 15/15 MP: 6/9
   220 | D:1      | Learned a level 2 spell: Call Imp
   223 | D:1      | Learned a level 2 spell: Blink
   226 | D:1      | Learned a level 2 spell: Repel Missiles
   268 | D:1      | Reached skill level 5 in Spellcasting
   683 | D:1      | Reached XP level 3. HP: 20/20 MP: 3/11
   789 | D:1      | Learned a level 3 spell: Mephitic Cloud
  1257 | D:2      | Found a shadowy altar of Dithmenos.
  1364 | D:2      | Found a deep blue altar of Sif Muna.
  1377 | D:2      | Became a worshipper of Sif Muna the Loreminder
  1523 | D:2      | Reached XP level 4. HP: 24/24 MP: 10/13
  1528 | D:2      | Learned a level 3 spell: Conjure Flame
  1872 | D:2      | Found a sacrificial altar of Ru.
  1930 | D:2      | Reached skill level 1 in Air Magic
  2090 | D:3      | Reached skill level 1 in Fighting
  2241 | D:3      | Found an iron altar of Okawaru.
  2241 | D:3      | Found a faded altar of an unknown god.
  2246 | D:3      | Found a faded altar of an unknown god.
  2248 | D:3      | Found a faded altar of an unknown god.
  2249 | D:3      | Found a faded altar of an unknown god.
  2713 | D:3      | Reached XP level 5. HP: 29/29 MP: 9/15
  3026 | D:3      | Reached skill level 6 in Spellcasting
  3308 | D:4      | Noticed a phantom
  3322 | D:4      | Killed a phantom
  3322 | D:4      | Reached * piety under Sif Muna
  3322 | D:4      | Reached skill level 1 in Poison Magic
  3322 | D:4      | Reached XP level 6. HP: 17/34 MP: 2/17
  3391 | D:4      | Found a radiant altar of Vehumet.
  3392 | D:4      | Found an opulent altar of Gozag.
  3509 | D:4      | Found a sand-covered staircase.
  3514 | Ossuary  | Entered an ossuary
  4046 | Ossuary  | Reached XP level 7. HP: 40/40 MP: 3/19
  4443 | D:5      | Entered Level 5 of the Dungeon
  4449 | D:5      | Noticed Blork the orc
  4463 | D:5      | Killed Blork the orc
  4463 | D:5      | Reached skill level 7 in Spellcasting
  4611 | D:5      | HP: 2/40 [poisoned by a worker ant]
  5181 | D:5      | Reached ** piety under Sif Muna
  5512 | D:5      | Reached skill level 5 in Stealth
  5743 | D:5      | Reached XP level 8. HP: 36/45 MP: 8/21
  6140 | D:6      | Reached skill level 8 in Spellcasting
  6406 | D:6      | Learned a level 2 spell: Slow
  6425 | D:5      | Reached skill level 5 in Dodging
  6562 | D:6      | Noticed Grinder
  6575 | D:6      | Reached skill level 1 in Hexes
  8055 | D:6      | Found a stormy altar of Qazlal.
  8061 | D:6      | Got a pitted hunting sling
  8062 | D:6      | Identified the cursed +3 hunting sling of Armageddon {flame, MR+} (You found it on level 6 of the Dungeon)
  8215 | D:6      | Found a stormy altar of Qazlal.
  8252 | D:6      | Reached skill level 9 in Spellcasting
  8384 | D:7      | Found a glowing golden altar of the Shining One.
  8391 | D:7      | Reached XP level 9. HP: 51/51 MP: 18/24
  8618 | D:7      | Reached *** piety under Sif Muna
  8628 | D:7      | Reached skill level 1 in Shields
  9002 | D:7      | Noticed Prince Ribbit
  9035 | D:7      | Killed Prince Ribbit
  9050 | D:7      | Reached skill level 5 in Conjurations
  9278 | D:7      | Reached skill level 10 in Spellcasting
  9382 | D:7      | Noticed Pikel
  9414 | D:7      | Killed Pikel
  9575 | D:7      | Learned a level 3 spell: Confuse
  9581 | D:7      | Learned a level 5 spell: Metabolic Englaciation
  9652 | D:7      | Found a staircase to the Ecumenical Temple.
  9669 | Temple   | Entered the Ecumenical Temple
  9988 | D:7      | Reached XP level 10. HP: 47/56 MP: 23/26
 10037 | D:7      | Reached **** piety under Sif Muna
 10531 | D:8      | Reached skill level 1 in Ice Magic
 11016 | D:8      | Reached skill level 1 in Invocations
 11060 | D:8      | Reached skill level 11 in Spellcasting
 11068 | D:8      | Reached skill level 5 in Hexes
 11245 | D:8      | Found a staircase to the Lair.
 11995 | D:9      | Learned a level 2 spell: Throw Flame
 12000 | D:9      | Learned a level 4 spell: Sticky Flame
 12007 | D:9      | Learned a level 5 spell: Metabolic Englaciation
 12012 | D:9      | Learned a level 3 spell: Inner Flame
 12076 | D:9      | Reached skill level 1 in Fire Magic
 12627 | D:9      | Reached XP level 11. HP: 62/62 MP: 23/28
 12893 | D:9      | Found a shattered altar of Ashenzari.
 13006 | D:9      | Noticed ohad's ghost (novice HaBe)
 13321 | D:9      | Killed ohad's ghost
 13507 | D:10     | Entered Level 10 of the Dungeon
 13546 | D:10     | Noticed Maurice
 13585 | D:10     | Killed Maurice
 13686 | D:10     | Noticed dscm's ghost (journeyman OpFi)
 13697 | D:10     | Killed dscm's ghost
 13697 | D:10     | Reached skill level 5 in Fighting
 13697 | D:10     | Reached skill level 12 in Spellcasting
 14203 | D:10     | Noticed a hill giant
 14219 | D:10     | Killed a hill giant
 14219 | D:10     | Reached ***** piety under Sif Muna
 14402 | D:10     | Found Wuril's Magic Scroll Emporium.
 14410 | D:10     | Bought 3 scrolls of identify for 72 gold pieces
 14410 | D:10     | Bought a scroll of immolation for 42 gold pieces
 14410 | D:10     | Bought 2 scrolls of identify for 48 gold pieces
 14410 | D:10     | Bought a scroll of brand weapon for 240 gold pieces
 14410 | D:10     | Bought a scroll of immolation for 42 gold pieces
 14410 | D:10     | Bought a scroll of fear for 42 gold pieces
 14410 | D:10     | Bought a scroll of random uselessness for 12 gold pieces
 14410 | D:10     | Bought a scroll of teleportation for 36 gold pieces
 14412 | D:10     | Identified a scroll of acquirement
 15093 | D:10     | Identified Sif Muna's Collected Works on Attacks (Sif Muna gifted it to you on level 10 of the Dungeon)
 15093 | D:10     | Received a gift from Sif Muna
 15108 | D:10     | Learned a level 5 spell: Fireball
 15114 | D:10     | Learned a level 4 spell: Fulminant Prism
 15224 | D:11     | Found a staircase to the Orcish Mines.
 15438 | D:11     | Noticed a hill giant
 15445 | D:11     | Killed a hill giant
 15691 | D:11     | Noticed a seven-headed hydra
 15720 | D:11     | Killed a seven-headed hydra
 15720 | D:11     | Reached skill level 5 in Fire Magic
 15921 | D:11     | Found a sparkling altar of Nemelex Xobeh.
 15976 | D:11     | Noticed a green ugly thing
 15978 | D:11     | Noticed a brown ugly thing
 15982 | D:11     | Killed a brown ugly thing
 15982 | D:11     | Killed a green ugly thing
 16112 | D:11     | Reached XP level 12. HP: 55/68 MP: 26/30
 16697 | D:11     | Reached skill level 13 in Spellcasting
 17598 | D:12     | Reached skill level 5 in Invocations
 17778 | D:12     | Noticed Frances
 17781 | D:12     | Noticed a centaur warrior
 17821 | D:12     | Killed a centaur warrior
 17914 | Lair:1   | Entered Level 1 of the Lair of Beasts
 17929 | Lair:1   | Got a transparent glass ring
 17931 | Lair:1   | Identified the ring "Hok Hik" {*Corrode rPois MR+ EV+4 SInv} (You acquired it on level 1 of the Lair of Beasts)
 17992 | Lair:1   | Noticed Grum
 18047 | Lair:1   | Killed Grum
 18051 | Lair:1   | Noticed Sonja
 18208 | Lair:1   | Killed Sonja
 18297 | Lair:1   | Noticed a six-headed hydra
 18714 | Lair:1   | Killed a six-headed hydra
 18714 | Lair:1   | Identified Sif Muna's Collected Works on the Unholy Oath (Sif Muna gifted it to you on level 1 of the Lair of Beasts)
 18714 | Lair:1   | Received a gift from Sif Muna
 18724 | Lair:1   | Learned a level 6 spell: Invisibility
 18730 | Lair:1   | Learned a level 1 spell: Pain
 19349 | Lair:1   | Reached skill level 1 in Necromancy
 19390 | Lair:1   | Reached skill level 14 in Spellcasting
 19963 | Lair:2   | Noticed a six-headed hydra
 19968 | Lair:2   | Killed a six-headed hydra
 19968 | Lair:2   | Reached XP level 13. HP: 74/74 MP: 11/33
 19984 | Lair:2   | Reached skill level 5 in Shields
 20444 | Lair:2   | Noticed Harold
 20466 | Lair:2   | Killed Harold
 21473 | Lair:3   | Found a labyrinth entrance.
 21510 | Lab      | Entered a labyrinth
 24239 | Lab      | Noticed a minotaur
 24651 | Lab      | Killed a minotaur
 24661 | Lab      | Got an encrusted halberd {antimagic}
 25174 | Lair:3   | Found a staircase to the Snake Pit.
 26168 | Lair:3   | Found a staircase to the Shoals.
 26311 | Lair:3   | Received a gift from Sif Muna
 26835 | Lair:3   | Learned a level 6 spell: Bolt of Fire
 26845 | Lair:3   | Learned a level 7 spell: Delayed Fireball
 26851 | Lair:3   | Learned a level 5 spell: Fireball
 26914 | Lair:3   | Learned a level 1 spell: Summon Butterflies
 27967 | Lair:5   | Noticed Josephine
 28419 | Lair:5   | Killed Josephine
 28419 | Lair:5   | Reached skill level 15 in Spellcasting
 28846 | Lair:5   | Reached XP level 14. HP: 80/80 MP: 17/35
 29220 | Lair:6   | Entered Level 6 of the Lair of Beasts
 30002 | Lair:6   | Reached skill level 10 in Dodging
 30620 | Lair:6   | Reached skill level 5 in Necromancy
 31363 | Lair:6   | Reached skill level 10 in Hexes
 31364 | Lair:6   | Reached skill level 10 in Fire Magic
 31469 | Lair:6   | Found a staircase to the Slime Pits.
 32048 | Lair:6   | Gained mutation: Scrolls take you a little longer to read. [mutagenic glow]
 32213 | Lair:6   | Identified a +1 pair of boots of running (You found it on level 6 of the Lair of Beasts)
 32460 | Lair:1   | Learned a level 6 spell: Bolt of Cold
 32485 | Lair:1   | Learned a level 6 spell: Freezing Cloud
 32582 | Orc:1    | Entered Level 1 of the Orcish Mines
 32748 | Orc:2    | Entered Level 2 of the Orcish Mines
 32909 | Orc:2    | Reached skill level 1 in Evocations
 33188 | Orc:2    | Found a roughly hewn altar of Beogh.
 33803 | Orc:2    | Found Uvoug's Distillery.
 33807 | Orc:2    | Bought a potion of beneficial mutation for 560 gold pieces
 33807 | Orc:2    | Bought a potion of invisibility for 128 gold pieces
 33807 | Orc:2    | Bought a potion of magic for 128 gold pieces
 33807 | Orc:2    | Bought a potion of lignification for 48 gold pieces
 33807 | Orc:2    | Bought a potion of degeneration for 16 gold pieces
 33807 | Orc:2    | Bought 2 potions of curing for 96 gold pieces
 33807 | Orc:2    | Gained mutation: Your mind is acute. (Int +2) [potion of beneficial mutation]
 33816 | Orc:2    | Found Umpaep's Weapon Shop.
 34209 | Orc:2    | Reached XP level 15. HP: 86/86 MP: 32/36
 34757 | Orc:2    | Found a staircase to the Elven Halls.
 34928 | Orc:2    | Noticed Saint Roka
 35796 | Orc:2    | Killed Saint Roka
 35796 | Orc:2    | Reached skill level 5 in Ice Magic
 36128 | Orc:2    | Reached skill level 5 in Evocations
 36278 | Orc:2    | Found a roughly hewn altar of Beogh.
 36526 | Orc:2    | Found Qamit's Gadget Boutique.
 36654 | Orc:2    | Found Jicaihob's Distillery.
 36662 | Orc:2    | Bought a potion of agility for 56 gold pieces
 36662 | Orc:2    | Bought a potion of magic for 112 gold pieces
 36662 | Orc:2    | Bought a potion of agility for 56 gold pieces
 37425 | Orc:1    | Noticed Fannar
 37527 | Orc:1    | Killed Fannar
 38034 | Lair:1   | Learned a level 5 spell: Metabolic Englaciation
 38044 | Lair:1   | Lost mutation: Scrolls take you a little longer to read. [potion of cure mutation]
 38044 | Lair:1   | Lost mutation: Your mind is acute. (Int +2) [potion of cure mutation]
 38117 | Snake:1  | Entered Level 1 of the Snake Pit
 38974 | Snake:2  | Noticed a nagaraja
 38994 | Snake:2  | HP: 1/88 [nagaraja/splash of poison (4)]
 39045 | Snake:1  | HP: 3/88 [black mamba (13)]
 40044 | Snake:1  | Reached skill level 16 in Spellcasting
 40897 | Snake:2  | Killed a nagaraja
 41060 | Snake:2  | Got an ichor-stained hat
 41071 | Snake:2  | Identified the +1 hat of Melancholy {Regen+ rCorr Slay+3} (You acquired it on level 2 of the Snake Pit)
 41197 | Lair:1   | Learned a level 6 spell: Simulacrum
 41203 | Lair:1   | Learned a level 4 spell: Cause Fear
 41389 | Snake:2  | Noticed a nagaraja
 41394 | Snake:2  | Killed a nagaraja
 41551 | Snake:2  | Reached XP level 16. HP: 94/94 MP: 25/38
 41690 | Snake:2  | Found Fuxain's Distillery.
 41690 | Snake:2  | Found Fasu's Jewellery Emporium.
 42540 | Snake:2  | Noticed Roxanne
 42555 | Snake:2  | Killed Roxanne
 42707 | Snake:2  | Identified Roxanne's Papyrus of Transmigration (You took it off Roxanne on level 2 of the Snake Pit)
 44047 | Snake:3  | Reached skill level 10 in Ice Magic
 44657 | Snake:4  | Entered Level 4 of the Snake Pit
 44770 | Snake:4  | Reached skill level 17 in Spellcasting
 44903 | Snake:4  | Noticed Jorgrun
 45092 | Snake:4  | Killed Jorgrun
 45699 | Snake:4  | Reached XP level 17. HP: 97/100 MP: 12/40
 46042 | Snake:4  | Identified Gikill's Reference Book on Translocation and Boosts (Sif Muna gifted it to you on level 4 of the Snake Pit)
 46042 | Snake:4  | Received a gift from Sif Muna
 46048 | Snake:4  | Learned a level 3 spell: Regeneration
 46057 | Snake:4  | Learned a level 3 spell: Ozocubu's Armour
 46063 | Snake:4  | Learned a level 2 spell: Swiftness
 47069 | Snake:4  | Reached skill level 10 in Evocations
 47314 | Snake:4  | Got a serpentine rune of Zot
 47321 | Snake:4  | Noticed Aizul
 47327 | Snake:4  | Killed Aizul
 47327 | Snake:4  | Reached skill level 10 in Fighting
 48022 | Shoals:1 | Entered Level 1 of the Shoals
 48254 | Shoals:1 | Got a transparent wooden ring
 48256 | Shoals:1 | Identified the ring "Vuguk" {Fire Str+3 Int+4 Dex+2} (You found it on level 1 of the Shoals)
 48804 | Shoals:1 | Received a gift from Sif Muna
 48964 | Shoals:2 | Noticed Apogee's ghost (adept MiFi)
 49340 | Shoals:2 | Noticed Polyphemus
 49350 | Shoals:2 | Hit by a death yak thrown by Polyphemus

Skill      XL: |  1  2  3  4  5  6  7  8  9 10 11 12 13 14 15 16 17 |
---------------+----------------------------------------------------+-----
Spellcasting   | 5 6 7 9 10 11 12 14 15 16 17 | 17.9
Stealth        | 3 4 5 7 |  7.0
Air Magic      | 1 2 3 4 |  4.2
Dodging        | 3 4 5 6 7 8 9 10 11 12 13 | 13.5
Fighting       | 1 2 3 4 5 6 7 8 9 10 | 10.1
Conjurations   | 2 3 4 5 6 7 8 9 |  9.9
Poison Magic   | 1 2 3 4 |  4.5
Hexes          | 2 4 5 6 7 9 10 | 10.0
Shields        | 2 3 4 5 6 |  6.8
Ice Magic      | 2 3 8 11 12 | 12.7
Invocations    | 2 4 5 6 7 |  7.5
Fire Magic     | 2 5 7 9 10 | 10.3
Necromancy     | 1 4 5 |  5.6
Evocations     | 3 7 9 10 | 10.4
Summonings     | |  1.1
Translocations | |  1.1

Action                   |  1- 3 |  4- 6 |  7- 9 | 10-12 | 13-15 | 16-18 || total
-------------------------+-------+-------+-------+-------+-------+-------++-------
Melee: Dagger            |       |    48 |       |       |       |       ||    48
       Rapier            |       |       |    43 |       |       |       ||    43
       Trident           |       |       |     4 |   277 |   276 |   137 ||   694
 Fire: Hunting sling     |       |       |    51 |    72 |       |       ||   123
Throw: Throwing net      |       |       |       |       |     5 |       ||     5
 Cast: Magic Dart        |   115 |   157 |   317 |   205 |    54 |       ||   848
       Repel Missiles    |     1 |     1 |     1 |     1 |     2 |     5 ||    11
       Mephitic Cloud    |       |     4 |    25 |    20 |     8 |       ||    57
       Conjure Flame     |       |     8 |    27 |    35 |     5 |       ||    75
       Call Imp          |       |     1 |     9 |     7 |       |       ||    17
       Blink             |       |       |    14 |     9 |    10 |     1 ||    34
       Slow              |       |       |     1 |    16 |     3 |       ||    20
       Throw Flame       |       |       |       |   228 |   397 |     9 ||   634
       Inner Flame       |       |       |       |     3 |       |       ||     3
       Sticky Flame      |       |       |       |    43 |    83 |       ||   126
       Fireball          |       |       |       |    41 |    55 |       ||    96
       Fulminant Prism   |       |       |       |     3 |     1 |       ||     4
       Bolt of Fire      |       |       |       |       |    75 |       ||    75
       Invisibility      |       |       |       |       |    15 |     3 ||    18
       Delayed Fireball  |       |       |       |       |     2 |       ||     2
       Bolt of Cold      |       |       |       |       |   178 |   210 ||   388
       Freezing Cloud    |       |       |       |       |    54 |    87 ||   141
       Simulacrum        |       |       |       |       |     1 |    43 ||    44
       Metabolic Englaci |       |       |       |       |       |    16 ||    16
       Cause Fear        |       |       |       |       |       |     1 ||     1
       Ozocubu's Armour  |       |       |       |       |       |     6 ||     6
       Regeneration      |       |       |       |       |       |     5 ||     5
       Swiftness         |       |       |       |       |       |     1 ||     1
Invok: Divine Energy     |       |       |     2 |     3 |     4 |       ||     9
       Stop Divine Energ |       |       |     1 |     4 |     3 |       ||     8
       Forget Spell      |       |       |       |     2 |     7 |       ||     9
       Channel Magic     |       |       |       |       |     4 |     2 ||     6
 Abil: Release Delayed F |       |       |       |       |     2 |       ||     2
Evoke: Wand              |       |       |       |     5 |     3 |       ||     8
       Fan of gales      |       |       |       |       |     3 |     1 ||     4
       Lamp of fire      |       |       |       |       |     1 |     1 ||     2
       Phial of floods   |       |       |       |       |     1 |     1 ||     2
  Use: Scroll            |       |     4 |     7 |    12 |    19 |     5 ||    47
       Potion            |       |       |       |     2 |    13 |       ||    15
 Stab: Sleeping          |       |     2 |     6 |     3 |     6 |     7 ||    24
       Confused          |       |     1 |     2 |     3 |       |       ||     6
       Invisible         |       |       |       |       |     6 |       ||     6
       Distracted        |       |       |       |       |       |     1 ||     1
  Eat: Chunk             |     1 |     5 |    10 |    20 |    47 |    10 ||    93
       Meat ration       |       |     1 |       |     2 |     8 |     4 ||    15
       Bread ration      |       |       |     1 |     1 |     1 |     1 ||     4
       Beef jerky        |       |       |       |     1 |       |       ||     1
       Pizza             |       |       |       |       |     1 |       ||     1
       Fruit             |       |       |       |       |     5 |       ||     5
Armor: Robe              |     4 |     1 |    14 |    47 |    54 |    41 ||   161
Dodge: Dodged            |     9 |    32 |    96 |   159 |   382 |   223 ||   901
       Deflected         |       |     1 |     1 |     7 |    12 |    28 ||    49
Block: Buckler           |       |       |       |    45 |   119 |    51 ||   215
